 Dungeon Crawl Stone Soup version 0.31-a0-177-g4aa6249778 (webtiles) character file.

Game seed: 14509606964903441030

4675 Hajna the Covert (level 10, -2/59 HPs)
             Began as a Kobold Enchanter on June 19, 2023.
             Slain by a shadow (24 damage)
             ... on level 8 of the Dungeon.
             The game lasted 00:27:47 (8590 turns).

Hajna the Covert (Kobold Enchanter)                 Turns: 8590, Time: 00:27:48

Health: -2/59      AC:  6    Str:  5    XL:     10   Next: 71%
Magic:  17/17      EV: 18    Int: 16    God:
Gold:   243        SH:  6    Dex: 21    Spells: 5/19 levels left

rFire   + . .        B - +5 short sword (protect)
rCold   + . .        q - +0 buckler
rNeg    . . .        L - +1 robe {rC+ rF+}
rPois   .            w - +2 hat
rElec   .            i - +0 cloak
rCorr   .            (no gloves)
SInv    .            (no boots)
Will    .....        e - amulet of regeneration
Stlth   ++++++       l - +4 ring of slaying
HPRegen 1.09/turn    (no ring)
MPRegen 0.15/turn

%: no passive effects
@: studying Conjurations
A: small, no large weapons, nightstalker 3
a: no special abilities


You were on level 8 of the Dungeon.
You visited 2 branches of the dungeon, and saw 9 of its levels.

You collected 361 gold pieces.
You spent 118 gold pieces at shops.

Inventory:

Hand Weapons
 a - a +1 dagger
 B - a +5 short sword of protection (weapon)
 G - a +2 vampiric short sword
 J - a +0 dagger of venom
 K - a +3 dagger of chaos
Missiles
 c - 2 poisoned darts
 r - a curare-tipped dart
 F - a throwing net
 H - a boomerang of dispersal
Armour
 b - a +0 robe
 i - a +0 cloak (worn)
 q - a +0 buckler (worn)
 w - a +2 hat (worn)
 y - the +1 chain mail of Benevolence {Str+4}
   (You found it on level 5 of the Dungeon)

   Str:       It affects your strength (+4).
 z - a +0 helmet
 A - +0 acid dragon scales
 L - a +1 robe of resistance (worn)
Jewellery
 e - an amulet of regeneration (around neck)
 l - a +4 ring of slaying (left hand)
Wands
 s - a wand of flame (8)
Scrolls
 d - 4 scrolls of amnesia
 h - 5 scrolls of identify
 m - 2 scrolls of immolation
 o - a scroll of fear
 t - 2 scrolls of fog
 C - 2 scrolls of revelation
 E - a scroll of teleportation
Potions
 f - 2 potions of magic
 g - 2 potions of mutation {unknown}
 j - 2 potions of brilliance {unknown}
 k - 2 potions of attraction {unknown}
 n - 2 potions of haste {unknown}
 p - 3 potions of curing {unknown}
 u - a potion of might {unknown}
 v - 3 potions of berserk rage {unknown}
 x - 2 potions of degeneration {unknown}
 D - a potion of cancellation {unknown}
 I - a potion of ambrosia {unknown}


   Skills:
 * Level 5.3 Fighting
 + Level 5.9 Short Blades
 + Level 1.6 Armour
 + Level 6.8 Dodging
 + Level 11.0 Stealth
 * Level 4.7 Shields
 + Level 5.2 Spellcasting
 + Level 5.1 Hexes
 + Level 4.0 Ice Magic
 + Level 0.1 Evocations


You had 5 spell levels left.
You knew the following spells:

 Your Spells              Type           Power      Damage    Failure   Level
a - Ensorcelled Hibernat  Hex/Ice        36%        N/A       6%          2
b - Confusing Touch       Hex            20%        N/A       9%          3
c - Tukima's Dance        Hex            20%        N/A       9%          3
d - Ozocubu's Armour      Ice            17%        N/A       14%         3
e - Dazzling Flash        Conj/Hex       24%        N/A       26%         3

Your spell library contained the following spells:

 Spells                   Type           Power      Damage    Failure   Level
 Volatile Blastmotes      Fire/Tloc      8%         2d10      58%         3
 Iskenderun's Mystic Bla  Conj/Tloc      4%         2d3       94%         4
 Starburst                Conj/Fire      2%         6d3       100%        6
 Ozocubu's Refrigeration  Ice            8%         4d9       100%        7


Dungeon Overview and Level Annotations

Branches:
Dungeon (8/15)             Temple (1/1) D:7
   Lair: D:8-11

Altars:
Ashenzari
Cheibriados
Elyvilon
Gozag
Hepliaklqana
Kikubaaqudgha
Makhleb
Nemelex Xobeh
Okawaru
Qazlal
Sif Muna
Trog
Uskayaw
Vehumet
Wu Jian
Xom
Yredelemnul
Zin
Lugonu

Shops:
D:1 [   D:5 ?:


Innate Abilities, Weirdness & Mutations

You are small and have problems with some larger weapons.
You are completely attuned to the shadows.


Message History

The helpless orc fails to defend itself.
You spit the orc like a pig!!!!
You kill the orc!
A shadow comes into view.
Press: ? - help, v - describe, . - travel
Here: a shadow (dormant) Some shallow water.
You block the shadow's attack.
You barely miss the shadow. The shadow hits you.
The centaur shouts!
You hit the shadow.
Your weapon exudes an aura of protection.
The shadow is lightly damaged.
The centaur wields a +0 orcbow.
The centaur shoots an arrow.
The arrow hits you.
The centaur shoots an arrow.
The arrow completely misses you.
The shadow slips into darkness.
The shadow flickers and vanishes!
Deactivating autopickup; reactivate with Ctrl-A.
The centaur shoots an arrow.
The arrow hits you!
The centaur shoots an arrow.
The shadow strikes at you from the darkness!
Ouch! That really hurt!
Reactivating autopickup.
The shadow attacks as you move away! The shadow barely misses you.
The shadow attacks as you move away! You block the shadow's attack.
The centaur shoots an arrow.
The arrow closely misses you. The shadow attacks as you move away!
The shadow hits you!
* * * LOW HITPOINT WARNING * * *
The shadow attacks as you move away! The shadow closely misses you.
The centaur shoots an arrow.
You block the arrow.
You closely miss the shadow.
The shadow is heavily damaged.
The shadow attacks as you move away! The shadow closely misses you.
The shadow slips into darkness.
The shadow flickers and vanishes!
Deactivating autopickup; reactivate with Ctrl-A.
You closely miss something.
The shadow strikes at you from the darkness!
You die...

#.~≈...).... #.#####
##.~....)## #.
#..÷.).
#.~..§§§####.##.##)#.
#.~.)§§§#>....#.##.#.
#.~#c.§§#.# #.#....#.
#.##..c.#.# #...#####
#. ###.##.###.#.#####
#.####c##.....#..♣.♣.
#...@{.......##......
############.##..8.♣.
#.##.##### #.##.#
#.##### #......
##...~. #..~~~
#...~~~


You could see a centaur.

Vanquished Creatures
  Psyche (D:8)
  A hornet (D:8)
  Prince Ribbit (D:7)
  A spriggan (D:7)
  6 yaks (D:8)
  A steam dragon (D:7)
  2 water moccasins
  2 sky beasts
  An orc warrior (D:7)
  A black bear (D:7)
  3 ice beasts
  An ogre (D:6)
  4 centaurs
  A kobold brigand (D:8)
  4 bullfrogs
  2 scorpions (D:6)
  5 wights (D:6)
  An electric eel (D:8)
  An orc priest (D:8)
  A hound (D:5)
  2 iguanas
  3 gnoll boudas
  9 orc wizards
  16 gnolls
  9 river rats (D:5)
  9 adders
  A shadow imp (D:6)
  A white imp (D:8)
  An ufetubus (D:5)
  4 dart slugs
  21 orcs
  4 ball pythons
  2 bats (D:3)
  6 endoplasms
  4 giant cockroaches
  7 goblins
  4 hobgoblins
  8 quokkas
  6 frilled lizards
  10 kobolds
  17 rats
184 creatures vanquished.

Notes
Turn   | Place    | Note
-------+----------+-------------------------------------------
     0 | D:1      | Hajna the Kobold Enchanter began the quest for the Orb.
     0 | D:1      | Reached XP level 1. HP: 10/10 MP: 3/3
    92 | D:1      | Reached XP level 2. HP: 7/15 MP: 5/5
   104 | D:1      | Reached XP level 3. HP: 8/19 MP: 6/6
   441 | D:1      | Learned a level 2 spell: Ensorcelled Hibernation
   445 | D:1      | Learned a level 3 spell: Confusing Touch
   492 | D:1      | Found Nemumuw's Armour Emporium.
  1080 | D:2      | Reached skill level 5 in Stealth
  1214 | D:2      | Reached XP level 4. HP: 24/24 MP: 0/7
  1849 | D:3      | Reached skill level 6 in Stealth
  2471 | D:1      | Bought a +0 buckler for 58 gold pieces
  2565 | D:4      | Reached XP level 5. HP: 28/28 MP: 8/8
  3300 | D:4      | Found a burning altar of Makhleb.
  3303 | D:4      | Found an ornate altar of the Wu Jian Council.
  3307 | D:4      | Found a basalt altar of Yredelemnul.
  3515 | D:5      | Entered Level 5 of the Dungeon
  3515 | D:5      | Found Lioledwy's Magic Scroll Boutique.
  3518 | D:5      | Bought a scroll of identify for 24 gold pieces
  3518 | D:5      | Bought a scroll of teleportation for 36 gold pieces
  3563 | D:5      | Noticed an ice beast
  3577 | D:5      | Killed an ice beast
  3578 | D:5      | Reached XP level 6. HP: 21/33 MP: 6/9
  3639 | D:5      | Found a sparkling altar of Nemelex Xobeh.
  3648 | D:5      | Reached skill level 1 in Fighting
  3648 | D:5      | Reached skill level 7 in Stealth
  3648 | D:5      | Reached skill level 1 in Shields
  3648 | D:5      | Reached skill level 1 in Ice Magic
  3657 | D:5      | Found a glowing silver altar of Zin.
  3662 | D:5      | Found an opulent altar of Gozag.
  3667 | D:5      | Found a shimmering altar of Xom.
  3938 | D:5      | Found an iron altar of Okawaru.
  4027 | D:5      | Reached XP level 7. HP: 31/38 MP: 0/11
  4421 | D:5      | Identified the +1 chain mail of Benevolence {Str+4}
  4639 | D:5      | Found Orotaud's Tremendous Tomes.
  4747 | D:5      | Reached skill level 8 in Stealth
  5033 | D:6      | Reached XP level 8. HP: 24/44 MP: 12/12
  5239 | D:6      | Learned a level 3 spell: Tukima's Dance
  5333 | D:6      | Reached skill level 5 in Dodging
  5762 | D:6      | Reached skill level 1 in Armour
  5787 | D:6      | Reached skill level 9 in Stealth
  5801 | D:6      | Reached XP level 9. HP: 50/50 MP: 9/14
  5933 | D:6      | Found a radiant altar of Vehumet.
  6625 | D:7      | Noticed Prince Ribbit
  6634 | D:7      | Killed Prince Ribbit
  6650 | D:7      | Found a staircase to the Ecumenical Temple.
  6657 | Temple   | Entered the Ecumenical Temple
  7503 | D:7      | Reached skill level 5 in Short Blades
  7657 | D:8      | Noticed a hornet
  7658 | D:8      | Killed a hornet
  7659 | D:8      | Reached XP level 10. HP: 58/58 MP: 15/17
  7720 | D:8      | Reached skill level 10 in Stealth
  7827 | D:8      | Reached skill level 5 in Fighting
  7837 | D:8      | Reached skill level 5 in Spellcasting
  7837 | D:8      | Reached skill level 5 in Hexes
  8412 | D:8      | Noticed Psyche
  8417 | D:8      | Killed Psyche
  8434 | D:8      | Learned a level 3 spell: Ozocubu's Armour
  8438 | D:8      | Learned a level 3 spell: Dazzling Flash
  8566 | D:8      | Reached skill level 11 in Stealth
  8590 | D:8      | Slain by a shadow

Illustrated notes

Levels and vault maps discovered:
D:1:      heliophobic_arrival_battle_scene, layout_basic, serial_shops, shop,
          serial_forest, infiniplex_forest_lined_2,
          infiniplex_forest_clump_tiny, infiniplex_forest_clump_double,
          infiniplex_forest_clump_long, infiniplex_forest_clump_tiny,
          infiniplex_forest_end_1, hex_large, minmay_tetromino_i4
D:2:      layout_rooms
D:3:      layout_loops_ring, minmay_misc_feat_hallway,
          hangedman_abyss_or_decor_lesser_grid, minivault_26
D:4:      layout_basic, grunt_temple_overflow_diamond, serial_bayou,
          serial_bayou_pond_d, serial_bayou_pond_c, serial_bayou_pond_c
D:5:      lemuel_ratsnest, layout_cave_pools, grunt_temple_overflow_cloverleaf,
          nicolae_overflow_crystal_walls, fountainhead, nicolae_stop_n_shop_2,
          nicolae_shop_i_like_big_books, palyth_stone_intersect
D:6:      layout_basic, lemuel_coloured_pillars_altar, minmay_manual_mares
D:7:      layout_loops_ring, minmay_temple_entry_waves,
          small_statue_intersection, the_hattery, uniq_prince_ribbit1
D:8:      layout_loops_ring, serial_ice, serial_ice_k, serial_ice_f,
          serial_ice_e, serial_ice_h, chequers_avenue,
          nicolae_figureground_pulse, uniq_psyche
Temple:   corrupted_temple

Skill      XL: |  1  2  3  4  5  6  7  8  9 10 |
---------------+-------------------------------+-----
Stealth        | 5 6 7 8 9 11 | 11.0
Short Blades   | 2 3 4 5 |  5.9
Dodging        | 3 4 5 6 |  6.8
Fighting       | 1 2 3 4 5 |  5.3
Shields        | 1 2 4 |  4.7
Ice Magic      | 1 2 4 |  4.0
Spellcasting   | 3 4 5 |  5.2
Hexes          | 4 5 |  5.1
Armour         | 1 |  1.6
Evocations     | |  0.1

Action                     |  1- 3 |  4- 6 |  7- 9 | 10-12 || total
---------------------------+-------+-------+-------+-------++-------
  Melee: Dagger            |    36 |    93 |    96 |       ||   225
         Punch             |     1 |       |       |       ||     1
         Short sword       |       |       |   110 |    73 ||   183
   Cast: Ensorcelled Hiber |    10 |    20 |    52 |    21 ||   103
         Confusing Touch   |       |     2 |       |     1 ||     3
  Evoke: Wand              |       |     2 |       |       ||     2
    Use: Potion            |     1 |       |     1 |       ||     2
         Scroll            |     2 |     4 |     1 |     4 ||    11
   Stab: Sleeping          |    14 |    38 |    44 |    26 ||   122
         Invisible         |     2 |       |     1 |       ||     3
         Confused          |       |     2 |       |       ||     2
         Distracted        |       |       |     2 |     1 ||     3
 Armour: Robe              |     1 |     3 |    12 |       ||    16
         Acid dragon scale |       |       |    18 |    15 ||    33
  Dodge: Dodged            |    27 |    63 |   138 |    57 ||   285
  Block: Buckler           |       |    10 |    47 |    23 ||    80

Table legend: (Time is in decaauts)
 A = Elapsed time spent in this place.
 B = Non-inter-level travel time spent in this place.
 C = Inter-level travel time spent in this place.
 D = Time resting spent in this place.
 E = Time spent auto-exploring this place.
 F = Levels seen in this place.
 G = Mean time per level.
                   A        B        C        D        E       F      G
               +--------+--------+--------+--------+--------+-----+--------+
         Total |   8566 |   8118 |    448 |      0 |   6711 |   9 |  951.8 |
       Dungeon |   8440 |   8043 |    397 |      0 |   6649 |   8 | 1055.0 |
        Temple |    126 |     76 |     50 |      0 |     62 |   1 |  126.0 |
               +--------+--------+--------+--------+--------+-----+--------+

Top non-repeatable levels by time:
     D:5: 1455 daAuts
     D:6: 1347 daAuts
     D:7: 1195 daAuts
     D:4: 965 daAuts
     D:8: 918 daAuts
     D:1: 905 daAuts
     D:2: 843 daAuts
     D:3: 809 daAuts
  Temple: 126 daAuts
